 Dungeon Crawl Stone Soup version 0.29.1-12-g30fa7ad0bf (webtiles) character file.

Game seed: 10957572227222948159

6581 hawla the Thaumaturge (level 11, -2/73 (83) HPs)
             Began as a Meteoran Fire Elementalist on Dec 29, 2022.
             Was a Priest of Vehumet.
             Slain by Maggie
             ... wielding a +1 vorpal morningstar
              (10 damage)
             ... on level 10 of the Dungeon.
             The game lasted 00:27:15 (5390 turns).

hawla the Thaumaturge (Meteoran Fire Elementalist)  Turns: 5390, Time: 00:27:16

HP:   -2/73 (83)    AC:  6    Str:  9 (12) XL:     11   Next: 44%
MP:   1/27          EV: 13    Int: 20 (21) God:    Vehumet [***...]
Gold: 394           SH:  0    Dex: 12 (15) Spells: 18/33 levels left

rFire   + + .      SeeInvis .   i - +10 longbow of Qooroes {flame, Contam rF++ Str+2 Stlth+}
rCold   . . .      Faith    .   (shield currently unavailable)
rNeg    . . .      Spirit   .   a - +0 robe
rPois   +          Reflect  .   (no helmet)
rElec   .          Harm     .   p - +2 cloak {rPois}
rCorr   .          Rampage  .   d - +0 pair of gloves
Will    +....                   (no boots)
Stlth   +.........              (no amulet)
HPRegen 0.22/turn               (no ring)
MPRegen 0.20/turn               (no ring)

@: brilliant, mesmerised, glowing, heavily drained
A: sense surroundings 2, otherworldly, glowing, explore regen
a: Renounce Religion


You were on level 10 of the Dungeon.
You worshipped Vehumet.
Vehumet was most pleased with you.
You visited 1 branch of the dungeon, and saw 11 of its levels.
You also visited: Sewer.

You collected 556 gold pieces.
You spent 162 gold pieces at shops.

Inventory:

Hand Weapons
 b - a +2 scimitar of flaming
 i - the +10 longbow of Qooroes (weapon) {flame, Contam rF++ Str+2 Stlth+}
   (You found it in a sewer)

   Any ammunition fired from it burns those it strikes, dealing additional fire
   damage.
   Str:       It affects your strength (+2).
   rF:        It greatly protects you from fire.
   Contam:    It causes magical contamination when unequipped.
   Stlth:     It makes you more stealthy.
Armour
 a - a +0 robe (worn)
 d - a +0 pair of gloves (worn)
 p - a +2 cloak of poison resistance (worn)
Magical Staves
 u - a staff of cold
Wands
 g - a wand of flame (13)
Scrolls
 h - 2 scrolls of fog
 k - a scroll of silence
 n - a scroll of fear
 o - a scroll of blinking
Potions
 j - a potion of resistance
 l - a potion of might
 t - a potion of flight
 x - 2 potions of degeneration
 z - 2 potions of ambrosia {unknown}


   Skills:
 + Level 3.9 Fighting
 + Level 6.4 Ranged Weapons
 + Level 5.0 Dodging
 - Level 1.4 Stealth
 + Level 11.5 Spellcasting
 + Level 7.7 Conjurations
 + Level 0.7 Translocations
 + Level 10.4 Fire Magic
 + Level 1.0 Air Magic
 + Level 1.8 Poison Magic
 + Level 2.0 Evocations


You had 18 spell levels left.
You knew the following spells:

 Your Spells              Type           Power      Damage    Failure   Level
a - Foxfire               Conj/Fire      100%       2x1d9     1%          1
b - Scorch                Fire           100%       2d10      1%          2
c - Flame Wave            Conj/Fire      64%        2d15      1%          4
d - Iskenderun's Mystic   Conj/Tloc      42%        2d10      3%          4
e - Olgreb's Toxic Radia  Pois           28%        N/A       7%          4

Your spell library contained the following spells:

 Spells                   Type           Power      Damage    Failure   Level
 Dazzling Flash           Conj/Hex       80%        N/A       1%          3
 Poisonous Vapours        Pois/Air       52%        N/A       1%          2
 Conjure Flame            Conj/Fire      64%        6-21      1%          3
 Ignite Poison            Fire/Tmut/Pois 41%        N/A       1%          3
 Inner Flame              Hex/Fire       48%        N/A       1%          3
 Mephitic Cloud           Conj/Pois/Air  38%        N/A       1%          3
 Fulminant Prism          Conj/Hex       20%        3d13      3%          4
 Apportation              Tloc           42%        N/A       4%          1
 Sting                    Tmut/Pois      88%        1d7       4%          1
 Summon Small Mammal      Summ           68%        N/A       6%          1
 Freezing Cloud           Conj/Ice/Air   17%        6-21      13%         5
 Call Canine Familiar     Summ           17%        N/A       19%         3
 Summon Guardian Golem    Hex/Summ       17%        N/A       19%         3
 Lee's Rapid Deconstruct  Erth           8%         3d8*      38%         5
 Alistair's Intoxication  Tmut/Pois      14%        N/A       75%         5
 Eringya's Noxious Bog    Tmut/Pois      11%        N/A       80%         6
 Borgnjor's Vile Clutch   Necr/Erth      8%         N/A       86%         5


Dungeon Overview and Level Annotations

Branches:
Dungeon (11/15) Zot: 1678  Temple (0/1) D:7             Orc (0/2) D:10
  Sewer (visited)
   Lair: D:8-11

Altars:
Vehumet
Zin

Shops:
D:6 ?

Annotations:
D:10 Maggie, Nergalle


Innate Abilities, Weirdness & Mutations

You passively map the area around you.
You are easily found by Zot.
You glow in the dark.
You regain HP and MP as you explore.


Message History

Press: ? - help, Dir - look around, f - activate A wave of flame ripples out! (Press . to intensify the flame waves.) Without enough magic to sustain them, the waves of flame dissipate.
Maggie barely misses you.
It was a potion of degeneration.
There was something very wrong with that liquid.
You feel weakened.
You feel dopey.
You feel clumsy.
Maggie hits you with a +1 vorpal morningstar!
* * * LOW HITPOINT WARNING * * *
Unknown command.
Blink to where?
Press: ? - help, Dir - move target You cannot blink away from Maggie!
Blink to where?
Press: ? - help, Dir - move target, f - you
Okay, then.
Okay, then.
It was a potion of brilliance.
You feel clever all of a sudden. Maggie closely misses you.
You feel better.
Maggie is no longer more vulnerable to fire.
Maggie hits you with a +1 vorpal morningstar!
* * * LOW HITPOINT WARNING * * *
x2 Your magical contamination has completely faded away.
Fire: i) +10 longbow of Qooroes {flame, Contam rF++ Str+2 Stlth+}
Press: ? - help, Q - select action, (/) - cycle Shift-Dir - straight line, f - Maggie
Aim: Maggie, wielding a +1 vorpal morningstar, wearing +0 steam dragon scales and carrying a wand of digging (1) (heavily wounded, mesmerising, 70% to hit)
You shoot an arrow. The arrow hits Maggie!!
The arrow burns Maggie.
Maggie is almost dead.
Maggie closely misses you.
Fire: i) +10 longbow of Qooroes {flame, Contam rF++ Str+2 Stlth+}
Press: ? - help, Q - select action, (/) - cycle Shift-Dir - straight line, f/p - Maggie
Aim: Maggie, wielding a +1 vorpal morningstar, wearing +0 steam dragon scales and carrying a wand of digging (1) (almost dead, mesmerising, 70% to hit)
You shoot an arrow.
The arrow hits Maggie but does no damage.
Maggie is almost dead.
Maggie hits you with a +1 vorpal morningstar!
You die...

, , ,, , ,
,...........#. ,, , , ,
, ...........#. , ,
,...........## * ###
**##+#......##. * , ,#,
#.. , , ,#......'.. ,
,,#.) #..,, ,,
#......#.. , ,#...#..
,*,, #......#.. ,
#.)..)@#+######......#.#
#)@........###'##'# , ,
* #.........<.#......# ,
, ##..........#......#
,, * #..........#......#
#..........########
####.####### #.* ##


You could see Maggie (mesmerising).

Vanquished Creatures
  Erolcha (D:11)
  2 two-headed ogres
  Erica (D:10)
  An unseen horror (D:9)
  A hornet (D:10)
  A vampire (D:10)
  A wraith (D:10)
  A wyvern (D:8)
  A sky beast (D:6)
  3 orc warriors (D:10)
  An ogre (D:4)
  3 centaurs
  2 phantoms (D:4)
  Blork the orc (D:6)
  6 bullfrogs
  5 kobold brigands
  4 scorpions
  A gnoll sergeant (D:10)
  3 wights (D:9)
  4 killer bees (D:7)
  A howler monkey (D:6)
  3 hounds
  A gnoll bouda (D:8)
  Crazy Yiuf (D:6)
  3 orc priests
  7 orc wizards
  7 iguanas
  7 gnolls
  2 river rats (D:4)
  10 adders
  A shadow imp (D:6)
  2 white imps
  2 ufetubi
  2 worms
  55 orcs
  2 endoplasms
  9 giant cockroaches
  2 goblins
  8 hobgoblins
  3 jackals
  2 quokkas (Sewer)
  8 ball pythons
  8 frilled lizards
  30 kobolds
  4 rats
  A butterfly (D:7)
224 creatures vanquished.

Vanquished Creatures (others)
  A killer bee (D:7)
  172 foxfires
  4 plants (D:3)
177 creatures vanquished.

Grand Total: 401 creatures vanquished

Notes
Turn   | Place    | Note
-------+----------+-------------------------------------------
     0 | D:1      | hawla the Meteoran Fire Elementalist began the quest for
                  | the Orb.
     0 | D:1      | Reached XP level 1. HP: 14/14 MP: 5/5
   113 | D:1      | Reached XP level 2. HP: 20/20 MP: 1/6
   116 | D:1      | Learned a level 2 spell: Scorch
   245 | D:2      | Reached XP level 3. HP: 25/26 MP: 1/8
   247 | D:2      | Reached skill level 3 in Spellcasting
   331 | D:3      | Reached skill level 1 in Fighting
   382 | D:4      | Reached XP level 4. HP: 35/35 MP: 6/9
   421 | D:4      | Noticed a phantom
   425 | D:4      | Killed a phantom
   426 | D:4      | Reached skill level 5 in Fire Magic
   426 | D:4      | Reached XP level 5. HP: 40/40 MP: 2/11
   431 | D:4      | Learned a level 4 spell: Flame Wave
   446 | D:4      | Noticed an ogre
   464 | D:4      | Killed an ogre
   465 | D:4      | Reached XP level 6. HP: 47/47 MP: 2/12
   538 | D:4      | Found a glowing drain.
   550 | Sewer    | Entered a sewer
   687 | Sewer    | Reached skill level 5 in Conjurations
   749 | Sewer    | Reached skill level 4 in Spellcasting
   749 | Sewer    | Reached XP level 7. HP: 47/52 MP: 9/14
   753 | Sewer    | Identified the +10 longbow of Qooroes {flame, Contam rF++
                  | Str+2 Stlth+}
   966 | Sewer    | Glimpsed the power of Zot.
  1010 | Sewer    | Glimpsed the power of Zot.
  1044 | Sewer    | Glimpsed the power of Zot.
  1054 | Sewer    | Touched by the power of Zot.
  1096 | D:4      | Found a glowing silver altar of Zin.
  1680 | D:5      | Entered Level 5 of the Dungeon
  1683 | D:5      | Found a radiant altar of Vehumet.
  1686 | D:5      | Reached skill level 5 in Spellcasting
  1698 | D:5      | Became a worshipper of Vehumet
  1720 | D:5      | Reached skill level 1 in Evocations
  1786 | D:5      | Reached XP level 8. HP: 54/55 MP: 10/16
  1851 | D:6      | Noticed Blork the orc
  1853 | D:6      | Killed Blork the orc
  1854 | D:6      | Reached skill level 1 in Ranged Weapons
  1855 | D:6      | Reached skill level 6 in Spellcasting
  1926 | D:6      | Gained mutation: You passively map the area around you.
                  | [Meteoran growth]
  1926 | D:6      | Reached XP level 9. HP: 67/67 MP: 4/19
  2028 | D:6      | Learned a level 3 spell: Mephitic Cloud
  2057 | D:6      | Reached * piety under Vehumet
  2057 | D:6      | Offered knowledge of Freeze by Vehumet.
  2076 | D:6      | Reached skill level 7 in Spellcasting
  2268 | D:6      | Found Xeonups's Magic Scroll Shoppe.
  2271 | D:6      | Bought a scroll of fear for 48 gold pieces
  2271 | D:6      | Bought a scroll of blinking for 90 gold pieces
  2271 | D:6      | Bought a scroll of identify for 24 gold pieces
  2343 | D:6      | Found a runed translucent door.
  2344 | D:6      | Noticed Crazy Yiuf
  2447 | D:6      | Killed Crazy Yiuf
  2460 | D:6      | Learned a level 3 spell: Ignite Poison
  2639 | D:7      | Found a staircase to the Ecumenical Temple.
  2735 | D:7      | Reached skill level 8 in Spellcasting
  3189 | D:8      | Offered knowledge of Static Discharge by Vehumet.
  3257 | D:8      | Reached ** piety under Vehumet
  3482 | D:8      | Reached skill level 1 in Poison Magic
  3482 | D:8      | Reached XP level 10. HP: 74/74 MP: 21/23
  3887 | D:9      | Reached skill level 9 in Spellcasting
  4135 | D:9      | Killed an unseen horror
  4136 | D:9      | Reached skill level 1 in Air Magic
  4566 | D:9      | Noticed a two-headed ogre
  4574 | D:9      | Killed a two-headed ogre
  4575 | D:9      | Reached skill level 10 in Spellcasting
  4580 | D:9      | Learned a level 4 spell: Iskenderun's Mystic Blast
  5003 | D:10     | Entered Level 10 of the Dungeon
  5028 | D:10     | Offered knowledge of Stone Arrow by Vehumet.
  5030 | D:10     | Reached skill level 5 in Ranged Weapons
  5040 | D:10     | Reached *** piety under Vehumet
  5089 | D:10     | Noticed Erica
  5094 | D:10     | Killed Erica
  5095 | D:10     | Reached skill level 10 in Fire Magic
  5095 | D:10     | Reached XP level 11. HP: 82/82 MP: 16/26
  5163 | D:10     | Noticed a two-headed ogre
  5173 | D:10     | Killed a two-headed ogre
  5174 | D:10     | Reached skill level 5 in Dodging
  5174 | D:10     | Reached skill level 11 in Spellcasting
  5210 | D:10     | Offered knowledge of Dazzling Flash by Vehumet.
  5281 | D:10     | Noticed Nergalle
  5301 | D:11     | Noticed Erolcha
  5316 | D:11     | Learned a level 4 spell: Olgreb's Toxic Radiance
  5321 | D:11     | Killed Erolcha
  5322 | D:11     | Noticed a cyclops
  5374 | D:10     | Noticed Maggie
  5390 | D:10     | Slain by Maggie

Illustrated notes

Levels and vault maps discovered:
D:1:      sevenhm_arrival_forest_fort_large_2, layout_basic
D:2:      layout_basic, serial_shops, nicolae_shop_waterfront,
          minmay_quadrilaterals
D:3:      wad_woods_stonehenge, layout_basic, serial_park_tiny_2
D:4:      layout_basic, amcnicky_altar_gilded, serial_curves, eino_curves_01,
          eino_curves_01, portal_sewer_entry_a, nrook_campfire,
          hangedman_decor_peaks_small, minmay_statues_item
D:5:      layout_loops_ring, vehumet_altar_wand_db, minitemple
D:6:      layout_cave_pools, serial_shops, kennysheep_mini, uniq_blork_the_orc,
          uniq_crazy_yiuf_cottage
D:7:      layout_basic, minmay_temple_entry_butterflies
D:8:      layout_loops_cross
D:9:      layout_layer_cave
D:10:     layout_gridville, hiddenorc1_lemuel, special_room [special_room_orc],
          uniq_erica, uniq_nergalle, uniq_maggie
D:11:     layout_basic, david_lair_shrubbed, uniq_fannar, uniq_erolcha,
          uniq_psyche

Skill      XL: |  1  2  3  4  5  6  7  8  9 10 11 |
---------------+----------------------------------+-----
Fire Magic     | 4 5 7 8 10 | 10.4
Spellcasting   | 3 4 5 6 8 10 11 | 11.5
Fighting       | 1 2 3 |  3.9
Dodging        | 3 4 5 |  5.0
Conjurations   | 4 5 6 7 |  7.7
Evocations     | 2 |  2.0
Ranged Weapons | 2 4 5 6 |  6.4
Poison Magic   | 1 |  1.8
Air Magic      | 1 |  1.0
Stealth        | |  1.4
Translocations | |  0.7

Action                   |  1- 3 |  4- 6 |  7- 9 | 10-12 || total
-------------------------+-------+-------+-------+-------++-------
Melee: Unarmed           |    20 |     6 |     1 |       ||    27
       Longbow           |       |       |       |     2 ||     2
 Fire: Longbow           |       |       |    56 |    63 ||   119
 Cast: Foxfire           |    27 |    41 |    33 |     7 ||   108
       Scorch            |     8 |    14 |    66 |    28 ||   116
       Mephitic Cloud    |       |       |     7 |     2 ||     9
       Ignite Poison     |       |       |     4 |     1 ||     5
       Flame Wave        |       |       |     1 |    11 ||    12
       Iskenderun's Myst |       |       |       |    28 ||    28
       Olgreb's Toxic Ra |       |       |       |     3 ||     3
  Use: Scroll            |     1 |     1 |     3 |    19 ||    24
       Potion            |       |       |       |     7 ||     7
Armor: Robe              |     6 |     6 |     9 |    19 ||    40
Dodge: Dodged            |    22 |    16 |    33 |    50 ||   121
